 Dungeon Crawl Stone Soup version 0.17-a0-2171-ga91b4ec (webtiles) character file.

23 Ijustatesigmund the Sneak (level 3, 0/28 HPs)
             Began as a Naga Wizard on Oct 25, 2015.
             Slain by a bat (1 damage)
             ... on level 2 of the Dungeon.
             The game lasted 00:03:33 (1529 turns).

Ijustatesigmund the Sneak (Naga Wizard)             Turns: 1529, Time: 00:03:34

Health: 0/28       AC:  2    Str:  9    XL:     3   Next: 0%
Magic:  3/7        EV:  9    Int: 19    God:
Gold:   69         SH:  0    Dex:  9    Spells: 3 memorised, 3 levels left

rFire  . . .     SeeInvis +     l - +0 whip (elec)
rCold  . . .     Clarity  .     a - +0 robe
rNeg   . . .     SustAt   .     (no shield)
rPois  +         Gourm    .     b - +0 hat
rElec  .         Spirit   .     (no cloak)
rCorr  .         Warding  .     (no gloves)
rMut   .         Stasis   .     (no barding)
MR     .....                    (no amulet)
Stlth  +++.......               (no ring)
                                (no ring)

@: very slightly contaminated, very slow, not resistant to hostile enchantments,
fairly stealthy
A: see invisible, deformed body, poison resistance, slowness 2, slow metabolism
1, spit poison 2, AC +1
a: Spit Poison


You were on level 2 of the Dungeon.
You were not hungry.

You visited 1 branch of the dungeon, and saw 2 of its levels.

You collected 69 gold pieces.

Inventory:

Hand Weapons
 j - a +0 short sword
 l - a +0 whip of electrocution (weapon)
Missiles
 k - 4 javelins (quivered)
Armour
 a - a +0 robe (worn)
 b - a +0 hat (worn)
Scrolls
 e - a scroll of remove curse
Potions
 f - a potion of haste
 g - 2 potions of heal wounds
 h - a potion of invisibility
Books
 c - a book of Minor Magic

   Spells                             Type                      Level
   a - Magic Dart                     Conjuration                  1
   b - Blink                          Translocation                2
   c - Call Imp                       Summoning                    2
   d - Repel Missiles                 Charms/Air                   2
   e - Slow                           Hexes                        2
   f - Conjure Flame                  Conjuration/Fire             3
   g - Mephitic Cloud                 Conjuration/Poison/Air       3
Comestibles
 d - a bread ration
 i - a beef jerky


   Skills:
 - Level 1.5 Dodging
 + Level 4.5 Stealth
 - Level 3.0 Spellcasting
 + Level 1.8 Conjurations
   Level 1.0 Summonings
 - Level 1.0 Translocations


You had 3 spell levels left.
You knew the following spells:

 Your Spells              Type           Power        Failure   Level  Hunger
a - Magic Dart            Conj           #...         10%         1    None
b - Blink                 Tloc           N/A          17%         2    ##.....
c - Repel Missiles        Chrm/Air       #.....       24%         2    ##.....


Dungeon Overview and Level Annotations

Branches:
Dungeon (2/15)

Altars:


Innate Abilities, Weirdness & Mutations

You cannot wear boots.
Your serpentine skin is tough (AC +1).
You have supernaturally acute eyesight.
Armour fits poorly on your strangely shaped body.
Your system is resistant to poisons.
You cover ground very slowly.
You have a slow metabolism.
You can spit poison.


Message History

You catch a glimpse of the back of your own head.
The quokka barely misses you.
Casting: Blink
Confirm with . or Enter, or press ? or * to list all spells.
You blink.
Found a stone staircase leading up.
The bat hits you.
* * * LOW HITPOINT WARNING * * *
The bat hits you but does no damage. The bat hits you.
* * * LOW HITPOINT WARNING * * *
You hit the quokka.
The quokka is heavily wounded.
The bat hits you but does no damage.
The quokka bites you but does no damage.
You barely miss the quokka.
The quokka is moderately wounded.
The bat hits you but does no damage. The bat closely misses you.
The quokka barely misses you. The bat hits you.
You die...

####### ########.......
#..............
#.#########..............
#..(...<@b(..............
#.....!..r...............
#........................
#........................
#........................
#.######.....w..........#
# #.................
............###.##.
.............# .#


You could see a worm, a quokka and a bat.

Vanquished Creatures
  A giant gecko (D:1)
  2 giant cockroaches (D:1)
  3 goblins (D:1)
  4 hobgoblins (D:1)
  A ball python (D:1)
  3 bats (D:1)
  2 giant newts (D:1)
  2 kobolds
  3 rats (D:1)
21 creatures vanquished.

Notes
Turn   | Place    | Note
--------------------------------------------------------------
     0 | D:1      | Ijustatesigmund the Naga Wizard began the quest for the Orb.
     0 | D:1      | Reached XP level 1. HP: 15/15 MP: 4/4
   641 | D:1      | Reached XP level 2. HP: 8/22 MP: 1/6
   834 | D:1      | Learned a level 2 spell: Blink
   837 | D:1      | Learned a level 2 spell: Repel Missiles
  1030 | D:1      | Reached skill level 4 in Stealth
  1359 | D:1      | Reached XP level 3. HP: 15/28 MP: 1/7
  1527 | D:2      | HP: 1/28 [bat (1)]
  1529 | D:2      | Slain by a bat

Vault maps used:
D:1:      roderic_dead_forest

Action                   || total
-------------------------++-------
Melee: Short sword       ||    10
       Unarmed           ||     5
       Whip              ||    17
Throw: Javelin           ||     2
 Cast: Magic Dart        ||    37
       Repel Missiles    ||     1
       Blink             ||     1
  Use: Scroll            ||     6
 Stab: Sleeping          ||     1
  Eat: Chunk             ||     1
